Map: Piattaforma kimerana

Players

Stickspike

  • Race: Terran Terran
  • Spawn Location: 6:00

Lukpo

  • Race: Protoss Protoss
  • Spawn Location: 6:00

maxence

  • Race: Terran Terran
  • League: Bronze
  • Spawn Location: 7:00

yapuka

  • Race: Protoss Protoss
  • Spawn Location: 5:00

Jhyrachy - Winner!

  • Race: Zerg Zerg
  • League: Gold
  • Spawn Location: 11:00

Tahmasib - Winner!

  • Race: Zerg Zerg
  • Spawn Location: 12:00

Teg - Winner!

  • Race: Terran Terran
  • Spawn Location: 12:00

ita - Winner!

  • Race: Zerg Zerg
  • Spawn Location: 1:00

VOD

Have the link to the VOD?

Description

Time

  • Played on: April 16, 2016, 3:54 p.m.
  • Length: 41:50
Show
View Real Time Build Order
Export as new Build Order

Stickspike Terran 

Build Orders:  

Get SALT Encoding   

  13  0:07  SCV  
  13  0:19  SCV  
  14  0:28  Supply Depot  
  14  0:31  SCV  
  15  0:36  Supply Depot  
  15  1:01  Barracks  
  15  1:07  Barracks  
  15  1:18  Refinery  
  15  1:25  Engineering Bay  
  15  1:47  Barracks  
  15  1:55  Marine  
  16  2:03  Refinery  
  16  2:10  Marine  
  16  2:13  Marine  
  18  2:29  Barracks Reactor  
  18  2:32  Barracks Reactor  
  18  2:35  Barracks Tech Lab  
  18  2:55  Command Center  
  18  3:16  Factory  
  18  3:43  Marauder, Marine x2  
  18  3:45  SCV  
  23  3:57  SCV  
  23  3:59  Stimpack  
  24  4:13  Marauder  
  24  4:15  SCV  
  27  4:20  SCV  
  24  4:40  Marine x3  
  24  4:41  Marine  
  28  4:50  Terran Infantry Weapons Level 1  
  28  4:52  Factory Tech Lab  
  25  5:02  Marauder  
  27  5:13  SCV  
  28  5:25  SCV  
  29  5:35  SCV  
  28  5:38  SCV  
  29  5:47  SCV  
  30  5:51  Marine x3  
  33  5:59  SCV  
  33  6:00  Concussive Shells  
  34  6:08  Starport, SCV  
  35  6:11  SCV  
  36  6:19  Marauder  
  36  6:20  SCV  
  36  6:23  SCV  
  40  6:34  Supply Depot  
  40  6:43  Orbital Command  
  40  6:55  Refinery  
  40  6:58  Refinery, Supply Depot, SCV  
  41  7:01  Starport Reactor  
  41  7:10  SCV  
  42  7:15  Starport  
  42  7:19  Siege Tank  
  42  7:21  Supply Depot  
  45  7:35  Planetary Fortress, Starport  
  45  7:41  Marine x2  
  47  7:51  Medivac  
  47  7:53  Medivac  
  46  8:40  Marauder, Marine x3  
  46  8:41  Marine  
  52  8:43  Terran Infantry Armor Level 1  
  52  8:46  Medivac x3  
  58  8:58  Marine x2  
  58  9:01  Marine x2  
  58  9:02  Marauder  
  64  9:16  Marine x2  
  66  9:18  Command Center, Starport Reactor  
  66  9:20  Starport Reactor  
  66  9:26  SCV  
  67  9:38  SCV  
  68  9:40  Supply Depot  
  68  9:47  Marauder  
  70  9:54  Marine, SCV  
  72  10:02  Supply Depot  
  72  10:06  SCV  
  73  10:10  Marine x4  
  73  10:12  Marine  
  78  10:27  Marine, Supply Depot  
  78  10:28  Marine x3  
  81  10:29  Marine  
  83  10:41  Planetary Fortress  
  83  10:45  Marine x2  
  83  10:46  Marine x2  
  83  10:49  Supply Depot  
  56  11:38  Marine  
  56  11:39  Marine x3  
  61  11:44  Marauder  
  62  11:56  Marine x2  
  62  11:57  Marine x2  
  47  12:05  Marauder  
  49  12:12  Viking x5  
  49  12:13  Viking  
  49  12:14  Marine x4  
  60  12:27  Armory, Marauder  
  62  12:31  Armory  
  62  12:32  SCV  
  64  12:44  SCV  
  64  12:48  Marauder  
  66  13:09  Marauder  
  67  13:23  Viking x3  
  67  13:24  Viking x2  
  77  13:33  Missile Turret  
  77  13:34  Missile Turret  
  77  13:40  SCV  
  78  13:52  SCV  
  78  13:54  Missile Turret x2  
  79  13:55  Terran Ship Weapons Level 1  
  79  13:58  Terran Vehicle And Ship Armor Level 1  
  79  14:05  SCV  
  41  14:54  Marine x2  
  41  14:55  Marine x3  
  39  15:12  Marine x4  
  39  15:13  Marine  
  20  15:30  Marine  
Show
View Real Time Build Order
Export as new Build Order

Lukpo Protoss 

Build Orders:  

Get SALT Encoding   

  12  0:02  Probe (Chrono Boost)  
  13  0:13  Probe (Chrono Boost)  
  14  0:23  Probe (Chrono Boost)  
  14  0:24  Pylon  
  15  0:31  Assimilator  
  15  0:45  Gateway  
  15  0:52  Probe (Chrono Boost)  
  16  1:02  Probe (Chrono Boost)  
  17  1:10  Gateway  
  17  1:13  Probe (Chrono Boost)  
  18  1:18  Forge  
  18  1:23  Probe (Chrono Boost)  
  19  1:33  Cybernetics Core  
  19  1:34  Probe (Chrono Boost)  
  20  1:40  Pylon  
  20  1:44  Probe (Chrono Boost)  
  21  1:57  Assimilator  
  21  1:58  Probe (Chrono Boost)  
  22  2:05  Gateway  
  22  2:15  Warp Gate (Chrono Boost)  
  22  2:32  Pylon  
  22  2:36  Protoss Ground Weapons Level 1 (Chrono Boost)  
  22  2:42  Gateway  
  22  2:48  Stalker x2  
  26  3:04  Gateway  
  26  3:18  Stalker  
  28  3:21  Stalker  
  30  4:06  Stalker x2  
  30  4:07  Stalker  
  30  4:08  Stalker  
  30  4:09  Pylon  
  38  4:10  Pylon  
  38  4:29  Stalker  
  38  4:30  Stalker  
  42  4:31  Stalker  
  34  5:03  Stalker x2  
  34  5:04  Stalker x2  
  32  5:23  Stalker  
  32  5:27  Stalker x2  
  38  5:40  Stalker  
  36  6:14  Robotics Facility  
  36  6:19  Twilight Council  
  36  6:26  Stalker  
  36  6:27  Stalker  
  40  6:47  Stargate, Pylon  
  40  6:59  Nexus  
  40  7:04  Observer  
  41  7:14  Probe  
  42  7:18  Stalker  
  44  7:25  Assimilator  
  44  7:26  Probe  
  45  7:38  Probe  
  46  7:50  Probe  
  47  8:02  Probe  
  48  8:07  Stalker x2  
  48  8:08  Stalker  
  48  8:09  Stalker  
  56  8:19  Void Ray  
  60  8:41  Probe  
  61  8:52  Assimilator, Probe  
  62  9:02  Probe  
  62  9:04  Void Ray  
  67  9:13  Probe  
  68  9:25  Stargate  
  68  9:31  Pylon  
  68  9:34  Pylon  
  68  9:47  Void Ray (Chrono Boost)  
  72  10:22  Void Ray (Chrono Boost)  
  72  10:26  Probe, Void Ray (Chrono Boost)  
  81  10:38  Probe  
  81  10:39  Stalker x3  
  81  10:40  Stalker  
  86  11:01  Void Ray (Chrono Boost)  
  90  11:15  Void Ray (Chrono Boost)  
  94  11:22  Pylon  
  94  11:24  Pylon  
  47  12:07  Void Ray x2 (Chrono Boost)  
  49  12:44  Void Ray (Chrono Boost)  
  49  12:45  Void Ray (Chrono Boost)  
  57  13:22  Void Ray x2 (Chrono Boost)  
  65  13:36  Stalker x2  
  65  13:37  Stalker x3  
Show
View Real Time Build Order
Export as new Build Order

maxence Terran 

Build Orders: MMM Bio 

Get SALT Encoding   

  12  0:02  SCV  
  13  0:15  Supply Depot  
  13  0:18  SCV  
  14  0:30  SCV  
  15  0:41  Barracks  
  15  0:42  SCV  
  16  0:55  SCV, Barracks  
  17  1:11  SCV  
  17  1:12  Barracks  
  18  1:23  SCV  
  19  1:27  Marine  
  19  1:29  Supply Depot  
  20  1:42  Marine  
  20  1:45  Marine, Supply Depot  
  22  1:52  Orbital Command  
  22  1:59  Marine  
  22  2:00  Marine  
  24  2:03  Marine  
  25  2:10  Refinery  
  25  2:15  Refinery  
  25  2:21  Marine x2  
  27  2:23  Marine  
  28  2:30  Supply Depot  
  28  2:37  SCV  
  29  2:39  Marine  
  29  2:40  Marine  
  29  2:42  Marine  
  32  2:49  SCV  
  33  2:54  Engineering Bay  
  33  2:57  Marine  
  33  2:58  Marine  
  35  3:00  Marine  
  35  3:03  SCV  
  37  3:14  Factory  
  37  3:16  Marine x2  
  37  3:18  Marine  
  40  3:25  Missile Turret  
  40  3:33  Marine  
  41  3:34  Marine  
  41  3:36  Marine  
  43  3:44  Missile Turret  
  43  3:52  SCV  
  44  3:58  Marine  
  44  3:59  Marine  
  44  4:00  Marine  
  47  4:04  Missile Turret  
  47  4:08  Supply Depot  
  47  4:14  Factory Tech Lab  
  47  4:22  Barracks Reactor  
  47  4:23  Barracks Reactor  
  47  4:24  Barracks Tech Lab  
  47  4:30  SCV  
  48  4:32  Missile Turret, Supply Depot  
  48  4:37  Terran Infantry Weapons Level 1  
  48  4:44  Siege Tank  
  51  4:55  Supply Depot  
  51  5:00  Missile Turret  
  51  5:06  Combat Shields  
  51  5:21  Missile Turret  
  51  5:22  Supply Depot  
  51  5:37  Marine x4  
  51  5:38  Marine  
  56  5:48  Siege Tank  
  59  5:55  Marine x5  
  64  6:01  Missile Turret  
  64  6:02  Missile Turret  
  64  6:13  Marine  
  65  6:25  Stimpack  
  65  6:31  Terran Infantry Armor Level 1  
  65  6:45  Command Center  
  65  7:03  Siege Tank  
  68  7:11  Marine x4  
  68  7:13  Marine  
  73  7:25  Supply Depot  
  73  7:35  Siege Tank  
  76  7:54  Marine x3  
  76  7:55  Marine x2  
  76  8:12  Marine x4  
  73  8:13  Marine  
  73  8:18  Planetary Fortress  
  76  8:30  Marine x2  
  78  8:34  Siege Tank  
  81  8:46  Missile Turret  
  81  8:59  Supply Depot  
  81  9:07  Missile Turret  
  81  9:22  Supply Depot  
  81  9:29  Missile Turret  
  81  9:38  Hi-Sec Auto Tracking  
  81  9:43  Siege Tank  
  84  9:49  Missile Turret  
  84  9:57  Marine x5  
  81  10:15  Siege Tank, Marine x5  
  65  10:33  Marine x3  
  65  10:35  Building Armor, Marine x2  
  70  10:50  Marine  
  70  10:51  Marine x2  
  70  10:52  Marine  
  70  10:53  Marine  
  75  10:57  Armory  
  75  11:01  Supply Depot  
  75  11:08  Marine x2  
  75  11:09  Marine  
  75  11:10  Marine x2  
  80  11:25  SCV  
  81  11:26  Marine  
  81  11:30  Refinery  
  82  11:37  SCV  
  82  11:38  Refinery  
  83  11:49  SCV  
  83  11:52  Terran Vehicle Weapons Level 1  
  76  12:01  SCV  
  73  12:13  SCV  
  31  12:54  Marine x5  
  36  13:11  Marine  
  36  13:12  Marine x4  
  41  13:29  Marine x3  
  41  13:30  Marine x2  
  39  13:43  Command Center  
  39  13:51  Siege Tank  
  42  14:00  Marine x2  
  30  14:24  Siege Tank  
  19  14:50  Marine x5  
  24  15:08  Marine x5  
  29  15:16  Orbital Command  
  29  15:25  Marine  
  29  15:26  Marine x4  
  15  15:43  Marine  
  15  15:44  Marine  
Show
View Real Time Build Order
Export as new Build Order

yapuka Protoss 

Build Orders:  

Get SALT Encoding   

  12  0:01  Probe (Chrono Boost)  
  13  0:12  Probe (Chrono Boost)  
  14  0:19  Pylon  
  14  0:23  Probe (Chrono Boost)  
  15  0:37  Probe (Chrono Boost)  
  15  0:40  Gateway  
  16  0:48  Assimilator  
  16  0:50  Probe (Chrono Boost)  
  17  1:01  Probe (Chrono Boost)  
  18  1:08  Pylon  
  18  1:15  Assimilator  
  18  1:16  Probe (Chrono Boost)  
  19  1:27  Probe (Chrono Boost)  
  19  1:28  Pylon  
  20  1:35  Cybernetics Core  
  20  1:37  Zealot (Chrono Boost)  
  22  1:41  Probe  
  23  1:49  Pylon  
  23  1:58  Probe  
  23  2:01  Zealot (Chrono Boost)  
  26  2:10  Probe  
  27  2:20  Mothership Core  
  29  2:25  Warp Gate (Chrono Boost)  
  29  2:34  Pylon  
  29  2:51  Nexus  
  29  2:56  Probe  
  30  3:03  Forge  
  30  3:06  Stalker (Chrono Boost)  
  32  3:26  Gateway  
  32  3:45  Pylon, Stalker (Chrono Boost)  
  32  3:47  Protoss Ground Weapons Level 1 (Chrono Boost)  
  34  3:55  Gateway  
  34  4:19  Pylon  
  34  4:23  Photon Cannon  
  34  4:31  Robotics Facility  
  34  4:35  Probe  
  34  4:36  Probe  
  36  4:47  Probe  
  36  4:48  Probe  
  36  4:51  Pylon  
  38  4:55  Assimilator  
  38  4:57  Probe  
  38  4:59  Assimilator  
  39  5:01  Stalker  
  41  5:09  Robotics Facility  
  37  5:53  Probe  
  37  5:55  Probe  
  39  6:08  Stalker x2  
  43  6:15  Photon Cannon  
  43  6:16  Immortal, Observer  
  43  6:17  Photon Cannon  
  48  6:20  Protoss Ground Armor Level 1 (Chrono Boost)  
  48  6:23  Twilight Council  
  48  6:29  Gateway x2  
  48  6:31  Probe  
  48  6:37  Immortal  
  53  6:42  Probe  
  53  6:44  Pylon  
  54  6:52  Probe  
  54  6:53  Sentry  
  57  6:54  Stalker  
  57  6:57  Zealot  
  61  7:03  Probe  
  61  7:04  Photon Cannon  
  62  7:41  Stalker x2  
  62  7:42  Probe, Stalker  
  69  7:53  Probe  
  70  8:01  Gateway  
  70  8:02  Gateway  
  70  8:04  Gateway  
  70  8:07  Charge (Chrono Boost)  
  70  8:10  Protoss Ground Weapons Level 2 (Chrono Boost)  
  70  8:13  Probe  
  70  8:14  Probe  
  72  8:20  Stalker x2  
  72  8:26  Probe  
  77  8:38  Zealot x2  
  77  8:39  Zealot  
  83  9:00  Nexus  
  83  9:03  Pylon  
  83  9:20  Immortal  
  87  9:26  Templar Archives  
  87  9:46  Blink  
  87  9:48  Stalker  
  87  9:49  Stalker x3  
  75  10:11  Stalker x2  
  75  10:12  Stalker x4  
  40  10:47  Stalker x2  
  40  10:48  Stalker x3  
  40  10:49  Stalker  
  51  11:26  Stalker  
  53  11:33  Nexus  
  47  12:20  Observer  
  47  12:21  Immortal  
  52  12:23  Psionic Storm  
  52  13:05  Stalker x2  
Show
View Real Time Build Order
Export as new Build Order

Jhyrachy Zerg - Winner!

Build Orders: Hatch First 

Get SALT Encoding   

  12  0:02  Drone  
  13  0:17  Drone, Overlord  
  14  0:40  Drone x3  
  17  0:57  Drone  
  17  1:02  Hatchery  
  17  1:10  Extractor, Drone  
  17  1:18  Spawning Pool  
  17  1:21  Drone  
  17  1:37  Drone x2  
  19  1:49  Drone  
  20  1:57  Overlord  
  20  2:10  Extractor  
  20  2:11  Drone  
  20  2:14  Metabolic Boost  
  20  2:19  Drone x2  
  22  2:23  Queen x2  
  26  2:38  Drone x2  
  26  2:42  Drone x2  
  30  2:50  Baneling Nest  
  29  2:57  Drone  
  30  3:08  Drone x4  
  34  3:14  Queen  
  36  3:24  Overlord x2  
  36  3:34  Spine Crawler  
  35  3:51  Lair  
  36  3:55  Zergling x2  
  36  3:56  Zergling x14  
  43  4:08  Overlord x2  
  40  5:03  Drone x4  
  40  5:04  Drone x5  
  49  5:08  Extractor  
  49  5:10  Centrifical Hooks  
  48  5:17  Infestation Pit  
  47  5:21  Evolution Chamber  
  47  5:23  Drone x4  
  47  5:24  Evolution Chamber  
  49  5:47  Spire  
  48  5:51  Drone  
  49  5:59  Extractor  
  48  6:08  Hatchery  
  47  6:13  Zerg Melee Weapons Level 1  
  47  6:14  Zerg Ground Armor Level 1  
  47  6:16  Hive  
  47  6:19  Drone x3  
  47  6:20  Drone x2  
  52  7:05  Overlord x5  
  52  7:06  Overlord  
  52  7:43  Adrenal Glands  
  52  7:45  Greater Spire  
  52  8:02  Corruptor x3  
  52  8:03  Corruptor x5  
  68  8:13  Zerg Ground Armor Level 2, Zerg Melee Weapons Level 2  
  68  8:32  Baneling  
  68  8:33  Baneling x8  
  68  8:34  Baneling  
  68  8:51  Burrow  
  68  9:07  Extractor  
  68  9:08  Extractor  
  66  9:18  Zerg Flyer Weapons Level 1  
  66  9:51  Drone x3  
  66  9:52  Drone x20  
  89  10:06  Hatchery  
  83  10:31  Queen  
  85  10:38  Overlord x4  
  85  10:42  Extractor  
  84  10:54  Brood Lord x5  
  84  10:55  Brood Lord x3  
  100  11:08  Zerg Melee Weapons Level 3  
  100  11:09  Zerg Ground Armor Level 3  
  100  11:57  Zergling x2  
  100  11:58  Zergling x40  
  100  11:59  Zergling x14  
  100  12:00  Zergling x22  
  131  12:28  Ultralisk Cavern  
  130  12:46  Extractor  
  125  13:06  Zergling x10  
  125  13:07  Zergling x28  
  144  13:13  Overlord x2  
  144  13:15  Pneumatized Carapace  
  133  13:37  Chitinous Plating  
  133  13:43  Zerg Flyer Weapons Level 2  
  129  14:17  Ultralisk  
  129  14:18  Ultralisk x4  
  129  14:20  Overlord x4  
  129  14:21  Overlord x2  
  96  15:07  Queen  
  98  15:17  Extractor  
  98  15:20  Ultralisk x6  
  98  15:21  Ultralisk x8  
  181  15:22  Extractor  
  181  15:24  Hatchery  
  179  17:06  Spine Crawler  
  179  17:07  Spine Crawler  
  179  17:08  Spine Crawler  
  179  17:09  Spine Crawler x2  
  179  17:10  Spine Crawler  
  179  17:21  Spine Crawler  
  179  17:24  Spine Crawler  
  179  17:27  Pathogen Glands  
  179  17:44  Spine Crawler x2  
  179  17:46  Spine Crawler  
  179  17:48  Spine Crawler  
  179  18:08  Spine Crawler  
  179  18:09  Spine Crawler  
  179  18:23  Neural Parasite  
  179  18:38  Baneling  
  179  21:19  Zergling x2  
  179  21:20  Zergling x60  
  179  21:21  Zergling x34  
  179  23:29  Hatchery  
  179  23:34  Extractor  
  179  23:38  Hatchery, Extractor  
  179  23:43  Extractor  
  179  23:48  Extractor  
  179  23:51  Extractor  
  179  23:52  Hatchery  
  179  24:03  Baneling x7  
  179  24:04  Baneling x15  
  179  24:05  Baneling x33  
  179  24:06  Baneling x27  
  179  24:07  Baneling x14  
  179  24:26  Queen  
  179  24:27  Queen  
  179  24:30  Queen  
  179  24:36  Zergling x2  
  179  24:37  Zergling x46  
  179  24:38  Zergling x38  
  179  24:39  Zergling x10  
  179  24:50  Zergling x22  
  179  24:51  Zergling x6  
  179  25:42  Zergling x2  
  179  25:43  Zergling x48  
  179  25:44  Zergling x16  
  179  25:46  Baneling  
  179  25:47  Baneling x16  
  179  25:48  Baneling x28  
  179  25:49  Baneling x28  
  179  25:50  Baneling x14  
  179  26:00  Zergling x2  
  179  26:01  Zergling x12  
  179  26:23  Baneling  
  179  26:24  Baneling x22  
  179  26:25  Baneling x22  
  179  26:26  Baneling x25  
  179  26:27  Baneling x23  
  179  26:28  Baneling x8  
  179  26:32  Baneling  
  179  26:33  Baneling x15  
  179  26:47  Baneling x301  
  179  28:16  Viper  
  179  28:17  Viper x25  
  179  28:18  Viper x24  
  179  28:56  Spine Crawler x3  
  179  28:58  Spine Crawler x2  
  179  28:59  Spine Crawler x2  
  179  29:00  Spine Crawler  
  179  29:01  Spine Crawler  
  179  29:02  Spine Crawler  
  179  29:04  Spine Crawler  
  179  29:23  Spine Crawler  
  179  29:25  Spine Crawler  
  179  29:26  Spine Crawler  
  179  29:27  Spine Crawler x3  
  179  29:29  Spine Crawler  
  179  29:30  Spine Crawler  
  179  29:32  Spine Crawler  
  179  29:37  Spine Crawler  
  179  29:43  Viper  
  179  29:44  Viper x6  
  179  30:08  Spine Crawler  
  179  30:15  Spine Crawler  
  179  30:49  Spine Crawler x2  
  179  30:50  Spine Crawler  
  179  30:51  Spine Crawler x2  
  179  30:54  Spine Crawler  
  179  30:56  Spine Crawler  
  179  30:57  Spine Crawler  
  179  30:58  Spine Crawler  
  179  30:59  Spine Crawler  
  179  31:26  Zerg Missile Weapons Level 1  
  179  32:05  Viper x8  
  179  32:12  Viper  
  179  39:33  Overlord x5  
  179  39:34  Overlord x9  
  179  40:25  Overlord  
  179  40:26  Overlord x4  
  179  40:28  Overlord  
  179  40:29  Overlord x5  
  179  40:31  Overlord x2  
  179  40:36  Overlord x7  
  179  40:40  Overlord x8  
  179  40:41  Overlord x3  
Show
View Real Time Build Order
Export as new Build Order

Tahmasib Zerg - Winner!

Build Orders: Hatch First 

Get SALT Encoding   

  12  0:23  Drone  
  12  0:24  Drone, Overlord  
  14  0:43  Drone  
  14  0:46  Drone  
  16  1:00  Drone  
  17  1:07  Hatchery  
  17  1:11  Drone  
  17  1:45  Drone x3  
  20  1:54  Spawning Pool  
  20  1:55  Extractor  
  20  1:56  Extractor  
  20  1:57  Drone  
  20  1:58  Hatchery  
  17  2:07  Overlord  
  17  2:24  Overlord  
  17  2:26  Drone  
  22  2:46  Zergling x2  
  23  2:55  Spine Crawler  
  23  2:58  Drone  
  23  3:01  Drone  
  24  3:09  Drone x2  
  24  3:10  Drone x3  
  24  3:11  Roach Warren  
  24  3:20  Zergling x4  
  26  3:28  Metabolic Boost  
  26  3:37  Queen  
  28  3:43  Drone x3  
  28  3:45  Overlord  
  31  3:54  Roach  
  31  3:55  Roach  
  35  4:01  Roach x2  
  39  4:13  Roach x2  
  39  4:14  Overlord  
  43  4:17  Drone x3  
  46  4:35  Zergling x4  
  46  4:36  Zergling x4  
  49  4:49  Roach  
  49  4:50  Zergling x4, Roach x2  
  55  4:59  Roach x5  
  64  5:04  Overlord  
  64  5:06  Overlord  
  64  5:21  Queen  
  61  5:32  Roach x2  
  61  5:41  Zergling x10  
  58  5:47  Drone x2  
  58  5:48  Queen  
  58  5:49  Zergling x4  
  61  5:50  Zergling x6  
  61  5:53  Lair  
  61  6:01  Drone x3, Evolution Chamber  
  61  6:02  Evolution Chamber  
  60  6:04  Evolution Chamber  
  59  6:15  Drone x2  
  59  6:16  Drone  
  62  6:21  Drone  
  62  6:23  Drone x4  
  67  6:28  Zerg Ground Armor Level 1, Zerg Missile Weapons Level 1  
  67  6:30  Zerg Melee Weapons Level 1  
  67  6:41  Roach x2  
  71  6:47  Spore Crawler  
  70  6:56  Drone x6  
  70  7:00  Glial Reconstitution  
  76  7:03  Hydralisk Den  
  76  7:07  Drone  
  76  7:08  Drone x4  
  80  7:09  Overlord x3  
  80  7:14  Spore Crawler  
  79  7:16  Extractor  
  79  7:17  Extractor  
  77  7:24  Overlord x2  
  77  7:27  Spore Crawler  
  76  7:31  Overseer x2, Hydralisk x3  
  76  7:32  Hydralisk  
  76  7:36  Muscular Augments  
  85  7:44  Drone x5  
  85  7:46  Zergling x2  
  85  7:47  Hydralisk x2  
  94  8:05  Drone x2  
  96  8:06  Drone x3  
  96  8:07  Drone  
  96  8:08  Drone x3  
  96  8:11  Hydralisk x4  
  111  8:25  Zerg Missile Weapons Level 2  
  111  8:46  Extractor  
  111  8:48  Extractor  
  109  8:50  Zerg Ground Armor Level 2  
  109  8:52  Zerg Melee Weapons Level 2  
  109  8:56  Spore Crawler  
  109  8:58  Spine Crawler  
  107  9:27  Hydralisk  
  107  9:28  Hydralisk x6  
  107  9:30  Overlord x5  
  115  10:07  Hydralisk x6  
  115  10:08  Hydralisk  
  115  10:09  Roach x3  
  128  10:30  Zergling x14  
  128  10:31  Zergling x2  
  118  10:49  Hydralisk  
  104  10:50  Hydralisk x2  
  104  10:54  Overseer x2  
  107  11:42  Hydralisk x8  
  107  11:43  Hydralisk x2  
  111  12:19  Hydralisk x9  
  111  12:20  Hydralisk x8  
  145  12:25  Hatchery  
  145  12:29  Infestation Pit  
  143  12:41  Extractor  
  142  12:46  Extractor  
  141  13:05  Hydralisk  
  141  13:06  Hydralisk  
  141  13:07  Overlord x6  
  141  13:11  Hive  
Show
View Real Time Build Order
Export as new Build Order

Teg Terran - Winner!

Build Orders:  

Get SALT Encoding   

  12  0:01  SCV  
  13  0:17  SCV  
  14  0:30  Supply Depot, SCV  
  15  0:42  Refinery  
  15  0:52  SCV  
  15  0:53  Barracks  
  16  1:04  SCV  
  18  1:18  SCV  
  18  1:21  Supply Depot  
  18  1:31  Refinery  
  18  1:32  SCV  
  19  1:48  Barracks  
  19  1:52  Orbital Command  
  19  1:54  Marine  
  20  2:09  Supply Depot  
  20  2:12  Marine  
  21  2:21  Factory  
  21  2:22  SCV  
  22  2:38  SCV  
  22  2:39  Barracks Reactor  
  22  2:43  Engineering Bay  
  23  2:50  SCV  
  24  3:00  Barracks Tech Lab  
  24  3:09  Factory Reactor  
  24  3:12  Starport  
  24  3:13  SCV  
  24  3:17  Marine x2  
  27  3:20  Marine  
  27  3:26  Missile Turret  
  28  3:35  Marine x2  
  28  3:36  Stimpack  
  30  3:45  Terran Infantry Weapons Level 1  
  30  3:53  Factory Tech Lab  
  30  4:01  Supply Depot  
  30  4:09  Medivac  
  32  4:20  Hellion  
  32  4:22  Marine x3  
  32  4:23  Command Center  
  37  4:29  Supply Depot  
  37  4:40  Marine x2, Medivac  
  41  4:50  Marine  
  42  4:55  Cyclone  
  42  4:58  Marine  
  46  5:40  Marauder, Marine x2  
  48  5:43  Siege Tank  
  48  5:48  Terran Infantry Armor Level 1  
  51  5:56  Supply Depot  
  51  5:58  Marine x2  
  51  6:02  Refinery  
  51  6:03  Orbital Command  
  53  6:09  Liberator, SCV  
  54  6:12  Refinery  
  54  6:21  SCV  
  57  6:30  SCV  
  59  6:42  Concussive Shells  
  59  6:47  Siege Tank  
  62  6:48  Missile Turret  
  62  6:57  Missile Turret  
  62  6:58  Marine x2  
  62  6:59  Marine  
  62  7:00  Liberator  
  65  7:02  SCV  
  65  7:08  Armory, SCV  
  67  7:16  Marine  
  71  7:45  SCV  
  72  7:53  Barracks  
  72  7:57  Starport  
  51  8:35  Marauder, Marine x2  
  55  8:46  Thor  
  61  8:49  Starport Reactor  
  61  8:53  Marine x2  
  61  8:54  Terran Ship Weapons Level 1  
  63  8:56  Marauder, Barracks Reactor, Supply Depot  
  63  8:59  Barracks  
  65  9:08  SCV  
  65  9:09  Terran Infantry Weapons Level 2  
  66  9:17  Marauder  
  66  9:20  SCV  
  66  9:23  Medivac  
  71  9:27  Supply Depot  
  71  9:32  SCV  
  71  9:34  Marine  
  71  9:35  Marine  
  74  9:39  Marauder, Liberator  
  76  9:57  Medivac  
  57  10:46  Marauder  
  57  10:47  Marine x5  
  64  11:04  Marine  
  64  11:05  Marine x4  
  64  11:08  Marauder  
  65  11:16  Liberator  
  55  11:22  Marine x2  
  55  11:24  Marine x2  
  59  11:29  Command Center, Marauder  
  64  11:40  Medivac  
  66  11:51  Marauder  
  68  11:57  Terran Infantry Armor Level 2  
  68  12:12  Marauder  
  70  12:16  Marine x2  
  72  13:01  Marine x3  
  72  13:02  Marauder  
  74  13:14  Orbital Command  
  62  13:54  Marine x2  
  56  13:56  Marauder, Marine  
  56  13:59  Liberator  
  59  14:16  Medivac  
  64  14:55  SCV  
  65  15:00  Terran Infantry Weapons Level 3  
  65  15:04  Barracks Reactor  
  65  15:06  Marine x2  
  65  15:07  Marine x2  
  63  16:00  Marauder  
  63  16:01  Marine x3  
  68  16:22  Marauder  
Show
View Real Time Build Order
Export as new Build Order

ita Zerg - Winner!

Build Orders: Hatch First, Lurkers 

Get SALT Encoding   

  12  0:02  Drone  
  13  0:08  Drone  
  14  0:40  Hatchery, Drone  
  14  0:54  Extractor, Drone  
  14  1:05  Spawning Pool  
  14  1:07  Drone  
  14  1:15  Overlord  
  14  1:41  Drone x2  
  14  1:42  Drone  
  17  1:53  Queen  
  19  2:00  Queen  
  21  2:09  Baneling Nest  
  21  2:13  Drone  
  21  2:15  Drone  
  22  2:19  Drone  
  23  2:23  Drone  
  23  2:28  Drone  
  25  2:42  Queen  
  27  2:44  Overlord  
  27  2:50  Zergling x2  
  28  3:07  Evolution Chamber  
  28  3:08  Drone x2  
  28  3:09  Drone, Evolution Chamber  
  28  3:10  Drone  
  30  3:30  Metabolic Boost  
  30  3:32  Zergling x4  
  30  3:33  Zergling x6  
  35  4:18  Zergling x2  
  35  4:19  Overlord x2  
  35  4:20  Overlord x2  
  35  4:21  Overlord  
  36  4:24  Lair  
  36  4:31  Extractor  
  35  4:33  Zerg Missile Weapons Level 1  
  35  4:34  Zerg Ground Armor Level 1  
  35  4:38  Zergling x6  
  36  4:39  Zergling x4  
  32  5:31  Drone x5  
  32  5:32  Drone  
  32  5:33  Queen x2  
  41  5:43  Spire  
  40  5:56  Zergling x6  
  40  5:57  Zergling x2  
  44  6:11  Zergling x4  
  46  6:29  Extractor  
  46  6:30  Extractor, Drone x2  
  46  6:31  Drone x3  
  46  6:32  Drone x2  
  51  6:43  Zerg Melee Weapons Level 1  
  51  7:14  Hatchery  
  50  7:22  Spine Crawler  
  50  7:41  Zergling x8  
  50  7:42  Zergling x12  
  50  7:43  Zergling x10  
  65  8:06  Drone  
  65  8:07  Drone x2  
  65  8:09  Drone x3  
  65  8:11  Overlord  
  69  8:50  Zerg Ground Armor Level 2  
  69  8:51  Hydralisk Den  
  69  8:52  Zerg Missile Weapons Level 2  
  69  8:54  Drone x4  
  69  8:55  Drone  
  73  9:13  Zergling x2  
  73  9:14  Zergling x10  
  79  9:22  Lurker Den  
  79  9:25  Hydralisk x2  
  83  9:40  Hatchery  
  64  10:14  Queen x2  
  68  10:21  Hydralisk  
  68  10:22  Hydralisk x4  
  68  10:23  Hydralisk x2  
  68  10:25  Overlord  
  68  10:26  Overlord x3  
  68  10:27  Overlord  
  82  10:51  Hydralisk x2  
  82  10:52  Hydralisk x2  
  90  11:02  Queen  
  92  11:34  Hydralisk x3  
  92  11:35  Hydralisk x5  
  92  11:36  Hydralisk x2  
  111  12:01  Zergling x8  
  103  12:02  Zergling x8  
  107  12:13  Lurker x3  
  107  12:14  Lurker x4  
  107  12:15  Lurker x2  
  116  12:16  Lurker  
  116  12:17  Overlord x3  
  116  12:21  Overseer  
  116  12:22  Overseer x4  
  117  12:25  Drone x3  
  120  13:02  Hydralisk x3  
  120  13:03  Hydralisk x6  
  120  13:04  Hydralisk x3  
  144  13:06  Overlord x2  
  144  13:07  Overlord  
  144  13:19  Baneling x2  
  144  13:20  Baneling x5  
  144  13:21  Baneling x3  
  144  13:31  Drone x4, Extractor  
  144  13:32  Drone x2  
  149  13:51  Hydralisk x5  
  149  13:52  Hydralisk x3  
  165  14:03  Extractor  
  164  14:19  Zergling x14  
  164  14:20  Zergling x2  
  164  14:22  Overlord x4  
  164  14:23  Overlord x2  
  170  14:30  Muscular Augments  
  169  15:43  Hydralisk  
  169  15:44  Hydralisk x14  
Tags
 
Add a new tag
Caveats
  • Supply blocks, unpowered buildings, or Contaminate may cause inaccurate times.
  • Supply counts are checked every 10 seconds.